Map: King's Cove LE

Players

zuka - Winner!

  • Race: Protoss Protoss
  • League: Master
  • Spawn Location: 11:00

Orako

  • Race: Zerg Zerg
  • League: Master
  • Spawn Location: 5:00

VOD

Have the link to the VOD?

Description

Time

  • Played on: Feb. 12, 2019, 2:45 p.m.
  • Length: 11:38
Show
View Real Time Build Order
Export as new Build Order

zuka Protoss - Winner!

Build Orders: 1 Gate Expand, Oracle Opening, Phoenix Opening, Archon Immortal, Archon Drop 

Get SALT Encoding   

  12  0:01  Probe  
  13  0:13  Probe  
  14  0:19  Pylon  
  14  0:21  Probe  
  15  0:33  Probe  
  15  0:40  Gateway  
  16  0:44  Probe  
  16  0:49  Assimilator  
  17  0:54  Probe  
  18  1:02  Probe  
  18  1:11  Probe  
  20  1:18  Pylon  
  20  1:33  Nexus  
  20  1:40  Cybernetics Core  
  20  1:42  Probe  
  21  1:48  Assimilator  
  21  1:54  Probe  
  21  1:58  Pylon  
  22  2:06  Probe, Adept  
  23  2:18  Probe  
  26  2:24  Stargate  
  26  2:31  Probe  
  26  2:36  Adept  
  29  2:37  Warp Gate  
  29  2:43  Probe  
  30  2:46  Probe  
  31  2:55  Probe  
  31  2:57  Gateway  
  31  2:58  Oracle, Probe  
  33  3:08  Probe  
  33  3:09  Probe  
  38  3:20  Probe x2  
  38  3:25  Pylon  
  40  3:28  Assimilator  
  40  3:30  Assimilator, Probe  
  40  3:33  Probe  
  42  3:38  Phoenix  
  44  3:43  Probe  
  45  3:50  Twilight Council  
  45  3:51  Probe  
  46  3:56  Probe  
  46  3:59  Robotics Facility  
  47  4:03  Probe  
  47  4:08  Probe  
  49  4:15  Probe  
  49  4:16  Pylon  
  50  4:20  Probe  
  50  4:22  Gateway  
  51  4:27  Gateway  
  51  4:29  Probe  
  52  4:32  Probe  
  52  4:36  Warp Prism  
  53  4:41  Probe  
  53  4:44  Probe  
  55  4:46  Templar Archives  
  55  4:48  Pylon  
  57  4:53  Probe  
  57  4:56  Probe  
  59  5:05  Probe  
  60  5:08  Probe  
  60  5:11  Nexus  
  60  5:13  Pylon  
  61  5:17  Probe  
  63  5:24  Forge  
  63  5:26  Pylon  
  62  5:31  High Templar x4  
  62  5:35  Archon x2  
  70  5:36  Probe  
  70  5:37  Pylon, Probe  
  72  5:44  Charge  
  72  5:48  Probe  
  72  5:49  Probe  
  74  5:58  Protoss Ground Weapons Level 1  
  74  6:00  Probe  
  74  6:02  Probe  
  76  6:09  Immortal  
  76  6:10  Zealot x4  
  84  6:13  Probe  
  84  6:14  Probe  
  86  6:23  Probe  
  86  6:24  Psionic Storm  
  86  6:25  Probe  
  92  6:26  Probe  
  92  6:27  Robotics Facility  
  93  6:35  Probe  
  93  6:37  Probe  
  93  6:38  Probe  
  96  6:41  Zealot x2  
  96  6:42  Zealot  
  96  6:44  Zealot  
  104  6:47  Probe  
  104  6:49  Probe  
  106  6:54  Probe  
  106  7:00  Pylon  
  107  7:01  Pylon  
  107  7:03  Pylon  
  107  7:05  Probe  
  108  7:09  Immortal  
  108  7:10  Gateway  
  108  7:12  Gateway  
  108  7:16  Immortal, Pylon, Assimilator  
  108  7:18  Assimilator  
  116  7:28  High Templar  
  116  7:29  High Templar x2  
  122  7:32  Pylon  
  122  7:36  High Templar  
  124  7:56  Probe  
  124  7:57  Probe  
  126  8:02  Gateway  
  126  8:03  Immortal x2, Pylon  
  134  8:06  Gateway  
  134  8:11  Gateway  
  134  8:14  Stalker  
  136  8:20  Zealot x3  
  136  8:21  Zealot x2  
  136  8:23  Pylon  
  136  8:25  Protoss Ground Weapons Level 2  
  146  8:36  Pylon  
  146  8:38  Photon Cannon  
  146  8:39  Immortal  
  146  8:40  Pylon  
  146  8:42  Immortal  
  146  8:45  Pylon  
  146  8:48  Forge  
  154  8:51  High Templar x4  
  154  8:52  Zealot  
  154  8:55  Archon x2  
  164  9:06  Nexus  
  164  9:07  Photon Cannon  
  164  9:08  Pylon  
  164  9:11  Observer  
  164  9:14  Immortal  
  164  9:16  High Templar x2  
  164  9:17  Zealot x3  
  170  9:19  Pylon  
  170  9:21  Archon  
  175  9:29  Zealot x3  
  185  9:33  Pylon  
  185  9:39  Photon Cannon  
  185  9:41  High Templar x2, Assimilator  
  185  9:45  Archon  
  189  9:46  Assimilator  
  169  9:55  High Templar  
  169  9:56  Zealot x4  
  169  9:57  Zealot  
  169  9:58  High Templar  
  183  10:02  Archon  
  183  10:11  Immortal x2  
  183  10:13  Pylon  
  191  10:15  Shield Battery  
  191  10:21  Zealot  
  191  10:22  Zealot x2  
  191  10:38  High Templar x2  
  191  10:39  High Templar  
  191  10:40  Zealot x2  
  191  10:42  Archon  
  199  10:50  Observer  
  186  11:22  Zealot x5  
  186  11:23  Zealot x2  
Show
View Real Time Build Order
Export as new Build Order

Orako Zerg 

Build Orders: Hatch First 

Get SALT Encoding   

  12  0:01  Drone  
  13  0:13  Overlord  
  13  0:18  Drone  
  14  0:31  Drone x2  
  17  0:35  Drone  
  17  0:53  Hatchery  
  17  0:56  Drone  
  17  0:59  Drone  
  18  1:10  Extractor  
  17  1:15  Spawning Pool  
  16  1:22  Drone x2  
  18  1:36  Drone  
  19  1:40  Overlord  
  19  1:59  Drone  
  20  2:04  Queen x2  
  20  2:07  Drone  
  26  2:08  Drone  
  26  2:14  Drone  
  27  2:30  Hatchery  
  27  2:33  Drone  
  27  2:35  Zergling x2  
  27  2:36  Zergling x2  
  29  2:41  Metabolic Boost  
  29  2:48  Queen  
  31  2:56  Overlord  
  31  3:01  Drone x3  
  34  3:05  Drone  
  34  3:08  Drone  
  34  3:11  Overlord  
  36  3:26  Drone, Spore Crawler  
  36  3:28  Drone x2  
  36  3:32  Drone  
  39  3:36  Drone x2  
  39  3:39  Queen  
  43  3:44  Drone x4  
  47  3:50  Roach Warren  
  46  4:01  Drone, Evolution Chamber  
  46  4:02  Drone  
  47  4:06  Spore Crawler  
  47  4:08  Drone x3  
  48  4:11  Queen  
  48  4:16  Queen  
  52  4:20  Spore Crawler  
  52  4:22  Overlord  
  51  4:24  Overlord  
  50  4:32  Extractor  
  50  4:37  Zerg Melee Weapons Level 1  
  50  4:38  Lair  
  49  4:44  Drone x3  
  49  4:45  Drone  
  53  4:47  Overlord  
  53  4:55  Drone x6  
  59  5:03  Drone  
  59  5:04  Queen  
  59  5:05  Baneling Nest  
  61  5:16  Drone x5  
  61  5:20  Queen  
  68  5:28  Overlord  
  68  5:32  Overlord  
  68  5:33  Drone x3  
  68  5:35  Drone x3  
  74  5:39  Hydralisk Den  
  74  5:41  Overseer  
  73  5:43  Zergling x2  
  74  5:52  Drone, Evolution Chamber  
  74  5:56  Overlord  
  74  5:57  Queen  
  74  6:02  Overlord  
  76  6:12  Overlord x2  
  76  6:14  Zergling x2  
  76  6:16  Overlord  
  76  6:17  Pneumatized Carapace  
  77  6:18  Zerg Missile Weapons Level 1  
  77  6:20  Overlord  
  77  6:21  Drone x2, Extractor  
  77  6:22  Extractor  
  77  6:23  Drone x3  
  77  6:24  Muscular Augments, Extractor  
  77  6:25  Drone x3  
  82  6:27  Overlord  
  82  6:33  Zergling x2  
  82  6:35  Drone  
  82  6:39  Drone x3  
  87  6:43  Hatchery  
  87  6:44  Drone  
  87  6:48  Zerg Melee Weapons Level 2  
  87  6:51  Overlord  
  87  6:52  Overlord  
  86  7:06  Overlord  
  86  7:10  Drone x5  
  86  7:11  Hydralisk x5  
  101  7:18  Overlord  
  101  7:23  Overlord x2  
  101  7:25  Overseer  
  101  7:26  Overlord  
  101  7:30  Zergling x6  
  101  7:31  Zergling x2  
  101  7:32  Centrifical Hooks  
  101  7:35  Zergling x4  
  107  7:38  Hydralisk  
  107  7:43  Drone, Extractor  
  107  7:44  Drone x2  
  111  7:45  Drone x4  
  115  7:53  Overseer  
  115  7:55  Grooved Spines  
  115  7:57  Overlord  
  115  7:58  Overlord  
  115  8:00  Drone x3, Extractor  
  117  8:07  Zergling x10  
  117  8:09  Spore Crawler  
  117  8:11  Baneling x6  
  117  8:12  Baneling  
  121  8:19  Queen  
  123  8:20  Overlord  
  123  8:22  Hydralisk x6  
  135  8:32  Overlord  
  135  8:33  Overlord x2  
  135  8:34  Zergling x10  
  135  8:35  Zergling x2  
  135  8:39  Infestation Pit  
  135  8:40  Zergling x10  
  145  8:42  Baneling x11  
  145  8:49  Extractor  
  145  8:50  Zergling x8  
  147  9:00  Overlord  
  147  9:03  Baneling x15  
  147  9:06  Drone  
  147  9:07  Drone x2  
  147  9:08  Drone x2, Overlord  
  152  9:22  Overlord  
  152  9:23  Zergling x2  
  152  9:24  Zergling x2  
  154  9:25  Zergling x16  
  154  9:27  Hive  
  162  9:36  Zergling x16  
  170  9:44  Baneling x7  
  170  9:47  Spire  
  170  9:48  Zergling x2  
  170  9:49  Zergling x16  
  166  9:55  Baneling x12  
  166  10:03  Overlord x2  
  166  10:07  Zergling x18  
  169  10:10  Baneling x13  
  175  10:20  Overseer  
  175  10:35  Hatchery  
  154  10:38  Overlord  
  154  10:39  Zergling x14  
  154  10:40  Zergling x14  
  161  10:45  Baneling x22  
  161  10:46  Baneling x3  
  160  10:55  Zergling x20  
  170  11:02  Zergling x10  
  175  11:10  Zergling x6  
  163  11:19  Zergling x2  
  163  11:20  Zergling x6  
Tags
 
Add a new tag
Caveats
  • Supply blocks, unpowered buildings, or Contaminate may cause inaccurate times.
  • Supply counts are checked every 10 seconds.